 Dungeon Crawl Stone Soup version 0.17-a0-1011-gfa70bdd (webtiles) character file.

4989 Fluffy the Cleaver (level 10, -2/93 HPs)
             Began as a Hill Orc Fighter on May 13, 2015.
             Was a High Priest of Okawaru.
             Slain by Erolcha
             ... wielding a +0 giant spiked club
              (13 damage)
             ... on level 9 of the Dungeon.
             The game lasted 00:25:35 (7771 turns).

Fluffy the Cleaver (Hill Orc Fighter)               Turns: 7771, Time: 00:25:36

Health: -2/93      AC: 20    Str: 20    XL:     10   Next: 54%
Magic:  15/17      EV:  8    Int:  8    God:    Okawaru [*****.]
Gold:   552        SH: 11    Dex: 13    Spells: 0 memorised, 9 levels left

rFire  . . .     SeeInvis +     d - +2 war axe (elec)
rCold  . . .     Clarity  .     D - +0 plate armour
rNeg   . . .     SustAb   .     c - +0 shield
rPois  +         Gourm    .     (no helmet)
rElec  .         Spirit   .     y - +1 cloak {+Inv}
rCorr  .         Warding  .     (no gloves)
rMut   +         Stasis   .     E - +0 pair of boots
MR     .....                    r - amulet of resist mutation
Stlth  ..........               q - ring of poison resistance
                                i - ring of see invisible

@: lethally poisoned (-2 -> -2), heroism, not resistant to hostile enchantments,
extremely unstealthy
A: no striking features
a: Heroism, Finesse, Renounce Religion, Evoke Invisibility


You were on level 9 of the Dungeon.
You worshipped Okawaru.
Okawaru was extremely pleased with you.
You were not hungry.

You visited 1 branch of the dungeon, and saw 9 of its levels.
You visited the Abyss 1 time.

You collected 552 gold pieces.

Inventory:

Hand weapons
 d - a +2 war axe of electrocution (weapon)
 I - the +0 war axe "Fish" {flame, MP+9 Str+4}
   (You found it on level 7 of the Dungeon)

   It has been specially enchanted to burn those struck by it, causing extra
   injury to most foes and up to half again as much damage against particularly
   susceptible opponents.
   Big, fiery blades are also staple armaments of hydra-hunters.
   It affects your strength (+4).
   It affects your magic capacity (+9).
Armour
 c - a +0 shield (worn)
 y - a +1 cloak of invisibility (worn)
 D - a +0 plate armour (worn)
 E - a +0 pair of boots (worn)
Jewellery
 a - an uncursed ring of fire
 i - a ring of see invisible (left hand)
 q - a ring of poison resistance (right hand)
 r - an amulet of resist mutation (around neck)
 L - the amulet "Hisary" {rCorr +Fly rF- Str+10 Int-3}
   (You found it on level 1 of the Abyss)

   [amulet of resist corrosion]

   It protects you from acid and corrosion.
   It affects your strength (+10).
   It affects your intelligence (-3).
   It makes you vulnerable to fire.
   It lets you fly.
 N - an uncursed amulet of the gourmand
Magical devices
 B - a wand of magic darts (0)
 J - a wand of lightning (8)
Scrolls
 j - 2 scrolls of teleportation
 k - a scroll of enchant armour
 n - 2 scrolls of remove curse
 o - 3 scrolls of fog
 A - 2 scrolls of recharging
 G - 2 scrolls of enchant weapon
 M - a scroll of amnesia
Potions
 f - a potion of invisibility
 h - a potion of resistance
 l - 4 potions of flight
 m - 2 potions of curing
 p - 2 potions of ambrosia
 t - a potion of heal wounds {unknown}
 u - a potion of haste {unknown}
 v - 2 potions of lignification {unknown}
 w - 2 potions of magic {unknown}
 z - 3 potions of cancellation {unknown}
 F - a potion of degeneration {unknown}
 H - a potion of agility {unknown}
 K - 3 potions of brilliance {unknown}
Comestibles
 b - 3 beef jerkies
 e - 9 bread rations
 g - 6 meat rations
 x - 2 slices of pizza
 C - a royal jelly


   Skills:
 + Level 9.9(14.9) Fighting
 + Level 10.4(15.4) Axes
 + Level 9.0(14.0) Armour
 - Level 3.2(8.2) Shields
 + Level 9.5 Invocations


You had 9 spell levels left.
You didn't know any spells.

Dungeon Overview and Level Annotations

Branches:
Dungeon (9/15)             Temple (0/1) D:4            Lair (0/8) D:9
    Orc: D:9-12

Altars:
Cheibriados
Elyvilon
Fedhas
Nemelex Xobeh
Okawaru
Trog
Xom

Shops:
D:4 !

Annotations:
D:9 Erolcha


Message History

You kill the orc warrior!
Okawaru accepts your kill.
You slash the plant!
There is a sudden explosion of sparks!
The plant is severely damaged.
You feel sick. Erolcha gestures at you while chanting.
You resist with some effort.
You hit Erolcha but do no damage.
You feel sick. Erolcha gestures at you while chanting.
The bolt of lightning hits you!
The bolt of lightning hits the fungus.
The bolt of lightning hits the fungus. x2
You hit Erolcha.
Erolcha is lightly wounded.
Erolcha hits you with a giant spiked club!
* * * LOW HITPOINT WARNING * * *
Use which ability? (? or * to list)
You gain the combat prowess of a mighty hero.
You feel slightly more hungry.
Erolcha hits you with a giant spiked club!
You die...

###'###............#...PP.P.P.P.+
..................†#...P....P....
....................†.PP.PP...PP.
.....................P.P####PPPP.
..........#####+###[P...#>)#.†...
#######...#......).(.P.P#..'†..PP
#...#.........P..P####P.P..
#...#........P.P.P.PPP.P...
...#.....@.......P........
#...[O......PPPP.P.....
#.........#.....P......
#.........#...P........
#)....#####...#........
#.....#.......#########
.#####'#................
...................>.# ##.
.....................#


You could see Erolcha.

Vanquished Creatures
  Pikel (D:7)
  A spriggan (D:7)
  A deep elf fighter (D:9)
  Grum (D:9)
  Edmund (D:5)
  A hungry ghost (D:5)
  4 wolves
  A water moccasin (D:7)
  An eye of draining (D:9)
  6 orc warriors
  3 sky beasts
  A phantom (D:5)
  A wasp (D:9)
  4 ice beasts
  3 ogres
  2 centaurs
  3 giant frogs
  A scorpion (D:8)
  3 hounds
  6 orc wizards
  4 crimson imps
  Crazy Yiuf (D:3)
  3 orc priests
  Terence (D:2)
  3 iguanas
  6 worker ants
  2 killer bee zombies
  A hound skeleton (D:8)
  9 adders
  4 gnolls (D:7)
  3 shadow imps
  2 river rats (D:9)
  3 oozes
  2 adder skeletons
  12 giant geckos
  36 orcs
  A bat zombie (D:5)
  10 giant cockroaches
  12 goblins
  10 hobgoblins
  21 kobolds
  2 quokkas
  A ball python (D:5)
  25 bats
  2 giant gecko skeletons
  8 giant newts
  14 jackals
  22 rats
  A fungus (D:9)
266 creatures vanquished.

Vanquished Creatures (others)
  2 giant frog zombies (D:7)
  A hound zombie (D:7)
3 creatures vanquished.

Grand Total: 269 creatures vanquished

Notes
Turn   | Place    | Note
--------------------------------------------------------------
     0 | D:1      | Fluffy the Hill Orc Fighter began the quest for the Orb.
     0 | D:1      | Reached XP level 1. HP: 19/19 MP: 1/1
    74 | D:1      | Reached XP level 2. HP: 18/27 MP: 2/2
   560 | D:2      | Reached skill level 4 in Fighting
   560 | D:2      | Reached XP level 3. HP: 30/33 MP: 3/3
   611 | D:2      | Noticed Terence
   624 | D:2      | Killed Terence
   624 | D:2      | Reached XP level 4. HP: 38/41 MP: 4/4
   876 | D:2      | Found an iron altar of Okawaru.
   889 | D:2      | Became a worshipper of Warmaster Okawaru
  1276 | D:3      | Found a white marble altar of Elyvilon.
  1364 | D:3      | Reached XP level 5. HP: 43/47 MP: 5/5
  1557 | D:3      | Noticed Crazy Yiuf
  1563 | D:3      | Killed Crazy Yiuf
  1563 | D:3      | Reached skill level 5 in Fighting
  1563 | D:3      | Reached skill level 1 in Invocations
  1919 | D:4      | Found Loenilue's Distillery.
  1934 | D:4      | Found a staircase to the Ecumenical Temple.
  2038 | D:4      | Reached XP level 6. HP: 37/56 MP: 7/7
  2045 | D:4      | Reached skill level 5 in Axes
  2054 | D:4      | Acquired Okawaru's first power
  2054 | D:4      | Reached skill level 5 in Armour
  2644 | D:5      | Entered Level 5 of the Dungeon
  2654 | D:5      | Reached XP level 7. HP: 34/62 MP: 9/9
  2924 | D:5      | Reached skill level 6 in Fighting
  3221 | D:5      | Found a sparkling altar of Nemelex Xobeh.
  3561 | D:5      | Reached XP level 8. HP: 4/71 MP: 8/11
  3932 | D:5      | Noticed a hungry ghost
  3944 | D:5      | Killed a hungry ghost
  3944 | D:5      | Reached skill level 5 in Invocations
  4076 | D:5      | Noticed Edmund
  4097 | D:5      | Killed Edmund
  4097 | D:5      | Reached skill level 7 in Axes
  4582 | D:6      | Found a bloodstained altar of Trog.
  4686 | D:6      | Found a blossoming altar of Fedhas.
  4752 | D:6      | Found an iron altar of Okawaru.
  4845 | D:6      | Reached skill level 8 in Axes
  5275 | D:7      | Reached XP level 9. HP: 78/80 MP: 13/13
  5409 | D:7      | Noticed Pikel
  5423 | D:7      | Killed Pikel
  5853 | D:7      | Reached skill level 9 in Axes
  6182 | D:7      | Got a scorched war axe
  6183 | D:7      | Identified the cursed +0 war axe "Fish" {flame, MP+9 Str+4} (You found it on level 7 of the Dungeon)
  6602 | D:8      | Reached XP level 10. HP: 88/91 MP: 16/16
  6756 | D:8      | Found a shimmering altar of Xom.
  6901 | D:9      | Noticed Grum
  6912 | D:8      | Reached skill level 10 in Axes
  7195 | D:9      | Killed Grum
  7347 | D:9      | Acquired Okawaru's second power
  7380 | D:9      | Found a staircase to the Lair.
  7416 | D:9      | Found a snail-covered altar of Cheibriados.
  7647 | D:9      | Noticed Erolcha
  7650 | D:9      | Cast into the Abyss (Erolcha)
  7655 | Abyss:1  | Got a coiled copper amulet
  7657 | Abyss:1  | Identified the amulet "Hisary" {rCorr +Fly rF- Str+10 Int-3} (You found it on level 1 of the Abyss)
  7757 | D:9      | Escaped the Abyss
  7771 | D:9      | Slain by Erolcha

Vault maps used:
D:1:      dpeg_arrival_windows_large_door, minmay_crystal_room,
          hangedman_decor_lopped
D:2:      lemuel_crystal_altar, first_bread, uniq_terence
D:3:      lemuel_round_altar, uniq_crazy_yiuf_cottage
D:4:      minmay_temple_entry_statues, serial_shops, nicolae_shop_crystal
D:5:      nemelex_deck, uniq_edmund
D:6:      lemuel_coloured_pillars_altar, bloody_trog, basic_altar
D:7:      the_bakery, uniq_pikel
D:8:      kennysheep_mini_moat
D:9:      lemuel_crystal_altar, grunt_lair_entry_elf_guard_hut, uniq_grum,
          uniq_erolcha

Action                   |  1- 3 |  4- 6 |  7- 9 | 10-12 || total
-------------------------+-------+-------+-------+-------++-------
Melee: War axe           |    89 |   251 |   395 |   141 ||   876
Invok: Heroism           |       |       |     2 |     1 ||     3
Evoke: Wand              |       |       |       |     2 ||     2
  Use: Scroll            |       |       |    20 |     1 ||    21
       Potion            |       |       |     1 |       ||     1
  Eat: Chunk             |       |     6 |    14 |     4 ||    24
